cohdb
Replays
Latest Replays
All Replays
Popular Replays
Top Player Replays
Match Explorer
How It Works
Community
CoH3 Stats
Reddit
Sign in to upload your games and track your stats! →
Sign in with Steam
Match 42150189
Unlisted
Match 42150189
Overview
Messages
Build Orders
End
Construct Section Command Post
Selects Heavy Armor Battlegroup
Infantry Section
Dingo Light Scout Car
Infantry Section
Selects Rigorous Vehicle Training
Construct Platoon Command Post
Humber Armored Car
Infantry Training
Unlock M3 Stuart Light Tanks
6-pounder Anti-tank Gun Team
Selects Forward Repair Assembly
M3 Stuart Light Tank
Derek Doon
qinfuyin
Apoc
matrix4x4
insane
Xeravex
Mage
jigsaw
0
0
Comments
sign in to comment!
No comments posted yet!